 Dungeon Sprint DCSS version 0.28-a0-1638-g9123634e07 (webtiles) character file.

Game seed: 14418173171051546730

179 mhtbhm the Chopper (level 5, 0/78 HPs)
             Began as a Draconian Berserker on Jan 26, 2022.
             Was an Elder of Trog.
             Slain by an ufetubus (2 damage)
             ... in the Dungeon (Sprint VII: "The Pits").
             The game lasted 00:00:37 (293 turns).

mhtbhm the Chopper (Draconian Berserker)             Turns: 293, Time: 00:00:38

Health: 0/78       AC:  5    Str: 21    XL:     5   Next: 32%
Magic:  5/5        EV: 13    Int:  7    God:    Trog [****..]
Gold:   0          SH:  0    Dex: 11    Spells: 4/4 levels left

rFire   . . .      SeeInvis .   a - +2 hand axe
rCold   . . .      Faith    .   (no shield)
rNeg    . . .      Spirit   .   (armour unavailable)
rPois   .          Reflect  .   (helmet restricted)
rElec   .          Harm     .   (no cloak)
rCorr   .          Rampage  .   (no gloves)
Will    .....      NoTele   +   (no boots)
Stlth   ..........              (no amulet)
HPRegen 0.23/turn               (no ring)
MPRegen 0.09/turn               (no ring)

@: berserking (expiring), lethally poisoned (0 -> -2), very quick
A: AC +5, unfitting armour, cold-blooded
a: Renounce Religion, Berserk, Trog's Hand, Brothers in Arms


You were in the Dungeon.
You worshipped Trog.
Trog was greatly pleased with you.
You visited 1 branch

Inventory:

Hand Weapons
 a - a +2 hand axe (weapon)
Scrolls
 g - a scroll of blinking
 i - a scroll of summoning
Potions
 c - a potion of heal wounds
 d - a potion of haste
 e - 4 potions of magic
 f - 3 potions of berserk rage
 h - 2 potions of invisibility


   Skills:
 + Level 7.4 Fighting
 + Level 7.4 Axes
 + Level 5.8 Dodging
 + Level 1.7 Stealth


You had 4 spell levels left.
You didn't know any spells.
Your spell library was empty.

Dungeon Overview and Level Annotations

Branches:
Dungeon (1/1)

Altars:
Ashenzari
Cheibriados
Dithmenos
Elyvilon
Fedhas
Gozag
Hepliaklqana
Kikubaaqudgha
Makhleb
Nemelex Xobeh
Okawaru
Qazlal
Ru
Sif Muna
Trog
Uskayaw
Vehumet
Wu Jian
Xom
Yredelemnul
Zin
The Shining One
Beogh
Jiyva
Lugonu


Innate Abilities, Weirdness & Mutations

Your plain brown scales are hard. (AC +5)
You cannot fit into any form of body armour.
You are cold-blooded and may be slowed by cold attacks.


Message History

Trog appreciates your killing of a magic user.
Reactivating autopickup.
You feel a bit more experienced.
You feel sick. The orc hits you with a +0 flail!
* * * LOW HITPOINT WARNING * * *
Your Fighting skill increases to level 7!
You have reached level 5!
You slash the orc!
You kill the orc!
Trog accepts your kill.
You hit the orc.
You kill the orc!
Trog accepts your kill.
You feel sick.
You slash the orc priest!
The orc priest is almost dead.
You slash the quokka!
You kill the quokka!
Trog accepts your kill.
You can now call in reinforcements.
You feel sick.
The orc priest mumbles some strange prayers to Beogh against you.
Beogh smites you!
* * * LOW HITPOINT WARNING * * *
You slash the orc priest!
You kill the orc priest!
Trog accepts your kill.
Your Axes skill increases to level 7!
You closely miss the ufetubus.
* * * LOW HITPOINT WARNING * * *
You feel sick. The ufetubus closely misses you. x2
Unknown command.
Unknown command.
You closely miss the ufetubus.
The ufetubus hits you but does no damage.
The ufetubus closely misses you.
Unknown command.
You closely miss the ufetubus.
* * * LOW HITPOINT WARNING * * *
You feel sick. The ufetubus hits you.
You die...

##########'##........
#.?(.))))'.##......#.
##########.##........
#...........'........
#+#####)#####......#.
#...#.# #........
#...#.# ####'####
#...'รท# #.......#
##@#### #.......#
#)5)..# #.......#
#.....# #...<...#
#....... #.......#
#........##.......#
###########.......#
#########


You could see an ufetubus.

Vanquished Creatures
  2 scorpions (D)
  An orc priest (D)
  An orc wizard (D)
  3 orcs (D)
  A giant cockroach (D)
  A hobgoblin (D)
  A quokka (D)
  A bat (D)
  A kobold (D)
12 creatures vanquished.

Notes
Turn   | Place    | Note
-------+----------+-------------------------------------------
     0 | D        | mhtbhm the Draconian Berserker began the quest for the Orb.
     0 | D        | Reached XP level 1. HP: 19/19 MP: 1/1
    18 | D        | Found a bloodstained altar of Trog.
    18 | D        | Found a shimmering blue altar of Sif Muna.
    18 | D        | Found a viscous altar of Jiyva.
    18 | D        | Found a hazy altar of Hepliaklqana.
    18 | D        | Found an opulent altar of Gozag.
    19 | D        | Found a glowing golden altar of the Shining One.
    19 | D        | Found a glowing silver altar of Zin.
    19 | D        | Found a basalt altar of Yredelemnul.
    19 | D        | Found a shimmering altar of Xom.
    19 | D        | Found an ornate altar of the Wu Jian Council.
    19 | D        | Found a sacrificial altar of Ru.
    19 | D        | Found a stormy altar of Qazlal.
    19 | D        | Found an iron altar of Okawaru.
    19 | D        | Found a sparkling altar of Nemelex Xobeh.
    19 | D        | Found a burning altar of Makhleb.
    19 | D        | Found a blossoming altar of Fedhas.
    19 | D        | Found a white marble altar of Elyvilon.
    19 | D        | Found a shadowy altar of Dithmenos.
    19 | D        | Found a snail-covered altar of Cheibriados.
    21 | D        | Found a radiant altar of Vehumet.
    21 | D        | Found a corrupted altar of Lugonu.
    22 | D        | Found a hide-covered altar of Uskayaw.
    22 | D        | Found an ancient bone altar of Kikubaaqudgha.
    22 | D        | Found a broken altar of Ashenzari.
    65 | D        | Reached ** piety under Trog
    67 | D        | Noticed a scorpion
    78 | D        | Killed a scorpion
    79 | D        | Reached skill level 5 in Fighting
    79 | D        | Reached skill level 5 in Axes
    79 | D        | Reached skill level 1 in Stealth
    79 | D        | Reached XP level 2. HP: 14/29 MP: 2/2
    79 | D        | Reached XP level 3. HP: 18/36 MP: 3/3
   274 | D        | Noticed a scorpion
   282 | D        | Killed a scorpion
   283 | D        | Reached skill level 5 in Dodging
   283 | D        | Reached XP level 4. HP: 34/45 MP: 4/4
   287 | D        | Reached *** piety under Trog
   288 | D        | Reached XP level 5. HP: 18/52 MP: 5/5
   289 | D        | Reached **** piety under Trog
   291 | D        | HP: 3/78 [poisoned by a scorpion]
   293 | D        | Slain by an ufetubus

Illustrated notes

Levels and vault maps discovered:
D:        pitsprint [storerooms_1, entrance_room_1, metal_vault_5, armoury_2,
          mini_pit_1, grid_room_1, main_hall_1, silver_pit, the_coven_1,
          the_vestibule_1, steel_vault_3, golden_pit, hallway_of_sentries,
          crystal_vault_2, iron_vault_5, final_vault]

Skill      XL: |  1  2  3  4  5 |
---------------+----------------+-----
Dodging        | 4 5 |  5.8
Fighting       | 5 6 7 |  7.4
Axes           | 5 6 7 |  7.4
Stealth        | 1 |  1.7

Action                   |  1- 3 |  4- 6 || total
-------------------------+-------+-------++-------
Melee: Hand axe          |    23 |    10 ||    33
       Tailslap          |     2 |       ||     2
Invok: Berserk           |     2 |       ||     2
  Use: Potion            |     1 |       ||     1
 Stab: Sleeping          |     1 |       ||     1
Armor: Skin              |     4 |     1 ||     5
Dodge: Dodged            |    11 |     5 ||    16

Table legend: (Time is in decaauts)
 A = Elapsed time spent in this place.
 B = Non-inter-level travel time spent in this place.
 C = Inter-level travel time spent in this place.
 D = Time resting spent in this place.
 E = Time spent auto-exploring this place.
 F = Levels seen in this place.
 G = Mean time per level.
                   A        B        C        D        E       F      G
               +--------+--------+--------+--------+--------+-----+--------+
         Total |    296 |    296 |      0 |    198 |      0 |   1 |  296.0 |
       Dungeon |    296 |    296 |      0 |    198 |      0 |   1 |  296.0 |
               +--------+--------+--------+--------+--------+-----+--------+

Top non-repeatable levels by time:
       D: 296 daAuts
